[Event "Titled Tuesday Blitz October 31 Early 2023"]
[White "PoXerStar"]
[Black "Tharushi, T H D Niklesha"]
[BlackFideId "9918264"]
[WhiteElo "2445"]
[BlackElo "2245"]
[Result "0-1"]
[Round "6"]
[TimeControl "180+1"]
[Date "2023.10.31"]
[WhiteClock "0:00:26"]
[BlackClock "0:00:19"]
[Board "122"]

1. Nf3 Nf6 2. b3 g6 3. Bb2 Bg7 4. c4 O-O 5. Nc3 d5 6. e3 c5 7. d3 Nc6 8. Be2 Bg4 9. O-O dxc4 10. dxc4 Bf5 11. a3 e6 12. Qc1 Qb6 13. Na4 Qxb3 14. Nxc5 Qb6 15. Bxf6 Bxf6 16. Nd7 Qd8 17. Nxf8 Bxa1 18. Nxe6 Bxe6 19. Qxa1 Na5 20. Qc3 Rc8 21. Rd1 Qb6 22. c5 Rxc5 23. Qf6 Rc8 24. Ng5 Qc6 25. Bg4 Bb3 26. Bxc8 Qxf6 0-1


[Site "https://www.chess.com"]

[Event "Titled Tuesday Blitz October 31 Early 2023"]
[White "Liu, Casper"]
[Black "Jimenez Fernandez, Rebeca"]
[WhiteFideId "1454153"]
[BlackFideId "32070934"]
[WhiteElo "2444"]
[BlackElo "2239"]
[Result "1-0"]
[Round "6"]
[TimeControl "180+1"]
[Date "2023.10.31"]
[WhiteClock "0:00:10"]
[BlackClock "0:00:09"]
[Board "123"]

1. e4 g6 2. h4 h5 3. Nf3 Bg7 4. d4 d6 5. Be2 a6 6. a4 Nf6 7. Nc3 b6 8. Bg5 Bb7 9. e5 dxe5 10. dxe5 Qxd1+ 11. Rxd1 Ng4 12. e6 fxe6 13. Bc4 Bxf3 14. gxf3 Bxc3+ 15. bxc3 Ne5 16. Bxe6 Nxf3+ 17. Ke2 Nxg5 18. hxg5 a5 19. Rh4 Na6 20. Rf4 Nc5 21. Bf7+ Kf8 22. Bd5+ Kg7 23. Rf7+ Kg8 24. Rf3+ Kg7 25. Rf7+ Kg8 26. Rxe7+ Kf8 27. Rf7+ Ke8 28. Rxc7 Rb8 29. Bc6+ Kf8 30. Rd6 Re8+ 31. Bxe8 Kxe8 32. Rxb6 Nd7 33. Rbb7 Rh7 34. Ra7 Re7+ 35. Kf1 h4 36. Kg2 Rh7 37. Rxa5 Kd8 38. Raa7 h3+ 39. Kh2 Ke8 40. Rxd7 Rxd7 41. Rxd7 Kxd7 42. Kxh3 1-0


[Site "https://www.chess.com"]

[Event "Titled Tuesday Blitz October 31 Early 2023"]
[White "Rios Escobar, Adan"]
[Black "MIM06"]
[WhiteFideId "3403645"]
[WhiteElo "2443"]
[BlackElo "2192"]
[Result "0-1"]
[Round "6"]
[TimeControl "180+1"]
[Date "2023.10.31"]
[WhiteClock "0:00:00"]
[BlackClock "0:00:29"]
[Board "124"]

1. Nf3 Nf6 2. c4 g6 3. Nc3 Bg7 4. g3 O-O 5. Bg2 d5 6. cxd5 Nxd5 7. h4 h5 8. O-O Nc6 9. e4 Nb6 10. b3 Bg4 11. Qe1 e5 12. Ba3 Re8 13. Rc1 Bxf3 14. Bxf3 Nd4 15. Bg2 c6 16. Nd1 Qd7 17. Ne3 Rad8 18. f3 Bh6 19. Rf2 Bf8 20. Bxf8 Kxf8 21. Kh2 Kg7 22. Bh3 Qe7 23. Qg1 Qf6 24. Rc5 Nxf3+ 25. Rxf3 Qxf3 26. Rc2 Qxe4 27. Bg2 Qb4 28. Qf2 Re6 29. Qe2 Red6 30. Nf1 Qd4 31. Be4 f5 32. Bg2 e4 33. Rc1 Qd3 34. Qe1 Nd5 35. a3 Nf6 36. Kh1 Ng4 37. Bh3 Qf3+ 38. Bg2 Qf2 39. Qxf2 Nxf2+ 40. Kg1 Ng4 41. Rc2 Kf6 42. Bh3 Rd3 43. Bxg4 hxg4 44. Rb2 R8d5 45. Kf2 Rf3+ 46. Ke2 Rdd3 47. a4 Rxb3 48. Rc2 Rxg3 0-1


[Site "https://www.chess.com"]

[Event "Titled Tuesday Blitz October 31 Early 2023"]
[White "Kostiukov, Alexandr"]
[Black "Semenova, Alina"]
[WhiteFideId "14108100"]
[BlackFideId "24113875"]
[WhiteElo "2428"]
[BlackElo "2158"]
[Result "0-1"]
[Round "6"]
[TimeControl "180+1"]
[Date "2023.10.31"]
[WhiteClock "0:00:00"]
[BlackClock "0:00:50"]
[Board "125"]

1. g3 Nf6 2. Bg2 d5 3. d3 e6 4. e4 Be7 5. e5 Nfd7 6. Qe2 O-O 7. Nf3 c5 8. c4 dxc4 9. dxc4 Nc6 10. O-O Qc7 11. Bf4 b6 12. Nc3 a6 13. Rfd1 Bb7 14. Nd5 exd5 15. cxd5 Ncxe5 16. Nxe5 Nxe5 17. d6 Bxd6 18. Bxb7 Qxb7 19. Bxe5 Bxe5 20. Qxe5 Rae8 21. Qd5 Qxd5 22. Rxd5 Re6 23. Rad1 g6 24. Rd6 Rfe8 25. Rxe6 Rxe6 26. Kf1 Kg7 27. Rd7 b5 28. b3 Rc6 29. Ke2 h5 30. Kd3 Kf6 31. Kc3 Ke6 32. Ra7 c4 33. b4 Rd6 34. a4 f6 35. axb5 axb5 36. Rb7 Rd3+ 37. Kc2 Rf3 38. Rxb5 Rxf2+ 39. Kc3 Rxh2 40. Rb6+ Kf5 41. b5 Rg2 42. Rc6 Rxg3+ 43. Kxc4 h4 44. b6 Rg1 45. Rc5+ Kg4 46. b7 Rc1+ 47. Kd5 Rb1 48. Kc6 Rxb7 49. Kxb7 h3 50. Rc4+ Kg5 51. Kc6 h2 52. Rc1 Kg4 53. Kd5 f5 54. Ke5 f4 55. Ke4 g5 56. Rh1 Kg3 57. Rb1 g4 58. Rb3+ f3 59. Rb1 Kg2 0-1


[Site "https://www.chess.com"]

[Event "Titled Tuesday Blitz October 31 Early 2023"]
[White "Samarth J Rao"]
[Black "Leve, Nitai"]
[WhiteFideId "46652370"]
[BlackFideId "2006898"]
[WhiteElo "2110"]
[BlackElo "2423"]
[Result "1-0"]
[Round "6"]
[TimeControl "180+1"]
[Date "2023.10.31"]
[WhiteClock "0:00:37"]
[BlackClock "0:00:02"]
[Board "126"]

1. e4 e6 2. d4 d5 3. Nc3 Nf6 4. e5 Nfd7 5. f4 c5 6. Nf3 Nc6 7. Be3 cxd4 8. Nxd4 Bc5 9. Qd2 a6 10. Be2 O-O 11. O-O Bxd4 12. Bxd4 Nxd4 13. Qxd4 b5 14. a4 b4 15. Qxb4 Rb8 16. Qd4 Rxb2 17. Nxd5 Rxc2 18. Bd3 Rc5 19. Ne3 Bb7 20. Rfc1 Qb6 21. Rxc5 Nxc5 22. Nc4 Qc6 23. Ra2 Nxd3 24. Qxd3 Qc5+ 25. Kh1 Rc8 26. Rc2 Qb4 27. h3 Qe1+ 28. Kh2 Be4 29. Nd2 Rf8 30. Nxe4 h5 31. Re2 Qa1 32. Re3 Qxa4 33. Rg3 Kh8 34. Rg5 g6 35. Nf6 a5 36. Nxh5 gxh5 37. Rxh5+ Kg7 38. Qh7# 1-0


[Site "https://www.chess.com"]

[Event "Titled Tuesday Blitz October 31 Early 2023"]
[White "Golubev, Mikhail"]
[Black "Mishra, Manoj"]
[WhiteFideId "14100983"]
[BlackFideId "5006007"]
[WhiteElo "2550"]
[BlackElo "2191"]
[Result "1-0"]
[Round "6"]
[TimeControl "180+1"]
[Date "2023.10.31"]
[WhiteClock "0:00:25"]
[BlackClock "0:00:05"]
[Board "127"]

1. e4 Nf6 2. e5 Nd5 3. Nc3 Nxc3 4. dxc3 d6 5. Nf3 Nc6 6. Bf4 Bg4 7. Bb5 e6 8. h3 Bh5 9. g4 Bg6 10. Qe2 Be7 11. O-O-O h5 12. exd6 cxd6 13. Ne5 dxe5 14. Rxd8+ Rxd8 15. Qxe5 Bf6 16. Qc7 hxg4 17. Qxb7 O-O 18. Qxc6 Rc8 19. Qg2 Rc5 20. hxg4 Rd8 21. Qh2 Kf8 22. Bd6+ 1-0


[Site "https://www.chess.com"]

[Event "Titled Tuesday Blitz October 31 Early 2023"]
[White "Gurevich, Dmitry"]
[Black "Antonio, Jorge Carlos"]
[WhiteFideId "2000407"]
[BlackFideId "113190"]
[WhiteElo "2548"]
[BlackElo "2312"]
[Result "0-1"]
[Round "6"]
[TimeControl "180+1"]
[Date "2023.10.31"]
[WhiteClock "0:00:00"]
[BlackClock "0:00:07"]
[Board "128"]

1. d4 d5 2. c4 c6 3. cxd5 cxd5 4. Bg5 Nf6 5. Bxf6 gxf6 6. Nc3 Bf5 7. e3 Nc6 8. Bd3 Bxd3 9. Qxd3 e6 10. Nge2 f5 11. O-O Bd6 12. Rfc1 h5 13. a3 Rg8 14. Na4 Qg5 15. g3 h4 16. Nc5 hxg3 17. hxg3 Bxc5 18. Rxc5 Rh8 19. Nf4 Qh6 20. Kg2 O-O-O 21. Rac1 Kb8 22. Kf1 e5 23. Rxc6 bxc6 24. Ne2 Qh3+ 25. Ke1 Kc7 26. Qa6 Rc8 27. Rxc6+ Kb8 28. Qb5+ Ka8 29. Rxc8+ Rxc8 30. Qxd5+ Kb8 31. Qxe5+ Rc7 32. Kd2 Qh6 33. Qb5+ Kc8 34. Nf4 Qc6 35. Qxc6 Rxc6 36. Nd3 Rb6 0-1


[Site "https://www.chess.com"]

[Event "Titled Tuesday Blitz October 31 Early 2023"]
[White "Kotlyar, Kirill"]
[Black "Shapiro, Daniel"]
[WhiteFideId "24145599"]
[BlackFideId "2001780"]
[WhiteElo "2443"]
[BlackElo "2304"]
[Result "1-0"]
[Round "6"]
[TimeControl "180+1"]
[Date "2023.10.31"]
[WhiteClock "0:00:30"]
[BlackClock "0:00:00"]
[Board "129"]

1. c4 e5 2. Nc3 Nf6 3. Nf3 Nc6 4. g3 d5 5. cxd5 Nxd5 6. Bg2 Nf6 7. O-O Be7 8. Rb1 a5 9. d3 O-O 10. a3 Re8 11. Bg5 h6 12. Bxf6 Bxf6 13. b4 axb4 14. axb4 g6 15. b5 Nd4 16. e3 Ne6 17. Qb3 Nc5 18. Qc4 b6 19. d4 Be6 20. d5 Bd7 21. e4 Bg7 22. Ra1 f5 23. Nd2 Kh7 24. Nb3 Nxe4 25. Nxe4 fxe4 26. Bxe4 Bf5 27. Nd2 Qd6 28. f3 h5 29. Kg2 Bh6 30. Nb3 Rf8 31. Ra6 Bxe4 32. fxe4 h4 33. Rxa8 Rxa8 34. Rf7+ Kg8 35. Qxc7 Ra2+ 36. Kh3 Qxc7 37. Rxc7 Rb2 38. Nc1 Rxb5 39. Nd3 Rb3 40. Nxe5 hxg3 41. Nxg6 gxh2+ 42. Kxh2 Re3 43. e5 1-0


[Site "https://www.chess.com"]

[Event "Titled Tuesday Blitz October 31 Early 2023"]
[White "Fominykh, Maria"]
[Black "Juicy_Fork"]
[WhiteFideId "4142411"]
[WhiteElo "2263"]
[BlackElo "2423"]
[Result "1-0"]
[Round "6"]
[TimeControl "180+1"]
[Date "2023.10.31"]
[WhiteClock "0:00:09"]
[BlackClock "0:00:02"]
[Board "130"]

1. d4 Nf6 2. c4 g6 3. Nc3 Bg7 4. e4 d6 5. Nf3 O-O 6. h3 e5 7. d5 Na6 8. Be3 Nc5 9. Nd2 Nh5 10. g3 Qe8 11. Be2 f5 12. exf5 e4 13. fxg6 hxg6 14. Bxc5 dxc5 15. Ndxe4 Bd4 16. Qd2 Bf5 17. f3 a5 18. g4 Bxe4 19. Nxe4 Nf4 20. O-O-O a4 21. Kb1 Qe5 22. Bd3 Nxd3 23. Qxd3 Bxb2 24. Nxc5 Ba1 25. Rd2 Kh7 26. Re2 Qf6 27. Rhe1 Rf7 28. Ne4 Qh8 29. Ng5+ Kg8 30. Qxg6+ Rg7 31. Re8+ Rxe8 32. Rxe8# 1-0


[Site "https://www.chess.com"]

[Event "Titled Tuesday Blitz October 31 Early 2023"]
[White "De Souza, Cristiano Gomes"]
[Black "Goswami, Vedant"]
[WhiteFideId "2151758"]
[BlackFideId "5003725"]
[WhiteElo "2249"]
[BlackElo "2372"]
[Result "1-0"]
[Round "6"]
[TimeControl "180+1"]
[Date "2023.10.31"]
[WhiteClock "0:02:33"]
[BlackClock "0:01:56"]
[Board "131"]

1. d4 b6 2. c4 Bb7 3. Nc3 Nf6 4. Nf3 e6 5. g3 Bb4 6. Qc2 Be4 7. Qd2 Nc6 8. Bg2 O-O 9. O-O Bg6 10. Nh4 Ne4 11. Qe3 Nxc3 12. bxc3 Be7 13. Nxg6 hxg6 14. d5 Na5 15. dxe6 dxe6 16. Bxa8 Qb8 17. Bf3 Qa8 1-0


[Site "https://www.chess.com"]

[Event "Titled Tuesday Blitz October 31 Early 2023"]
[White "Kuchava, Ana"]
[Black "LiadCuba"]
[WhiteFideId "13605348"]
[WhiteElo "2240"]
[BlackElo "2362"]
[Result "1-0"]
[Round "6"]
[TimeControl "180+1"]
[Date "2023.10.31"]
[WhiteClock "0:00:04"]
[BlackClock "0:00:00"]
[Board "132"]

1. d4 d5 2. Nf3 Nf6 3. c4 e6 4. Nc3 c5 5. cxd5 Nxd5 6. e4 Nxc3 7. bxc3 cxd4 8. cxd4 Bb4+ 9. Bd2 Bxd2+ 10. Qxd2 O-O 11. Bd3 Nc6 12. Qe3 Qa5+ 13. Ke2 Nb4 14. Rhc1 b6 15. Bc4 Ba6 16. Qb3 Rac8 17. Bxa6 Qxa6+ 18. Ke3 Qb5 19. Rc3 a5 20. a3 Rxc3+ 21. Qxc3 Na6 22. Rc1 h6 23. Ne5 a4 24. Qc4 Qb2 25. Nd3 b5 26. Nxb2 bxc4 27. Rxc4 Rb8 28. Rxa4 Nc7 29. Rb4 Ra8 30. Nc4 f5 31. f3 fxe4 32. fxe4 Ne8 33. a4 Nf6 34. a5 Ng4+ 35. Ke2 Rf8 36. a6 Rf2+ 37. Kd3 Rxg2 38. a7 Ra2 39. Rb8+ Kh7 40. a8=Q Rxa8 41. Rxa8 Nxh2 42. Ra7 h5 43. Ne5 h4 44. Ke3 Kh6 45. Kf4 g5+ 46. Ke3 g4 47. Kf4 g3 48. Ra2 Nf1 49. Kg4 Ne3+ 50. Kxh4 g2 51. Ra1 Nf1 52. Nf3 Kg6 53. Kh3 Ne3 54. Nh4+ Kg5 55. Nxg2 Nc2 56. Ra5+ Kf6 57. d5 exd5 58. Rxd5 Nb4 59. Rd4 Nc2 60. Rd2 Nb4 61. Kg4 Ke5 62. Re2 Nc6 63. Nf4 Kd4 64. Ne6+ Ke5 65. Nc5 Nd4 66. Re1 Nc2 67. Nd7+ Ke6 68. Nc5+ Kd6 69. Nd3 1-0


[Site "https://www.chess.com"]

[Event "Titled Tuesday Blitz October 31 Early 2023"]
[White "Ovezdurdyyeva, Jemal"]
[Black "Souza, Gustavo Horokoski De"]
[WhiteFideId "14001888"]
[BlackFideId "2146584"]
[WhiteElo "2358"]
[BlackElo "2142"]
[Result "1/2-1/2"]
[Round "6"]
[TimeControl "180+1"]
[Date "2023.10.31"]
[WhiteClock "0:00:56"]
[BlackClock "0:00:21"]
[Board "133"]

1. e4 e6 2. d4 d5 3. Nd2 Nc6 4. Ngf3 Nf6 5. e5 Nd7 6. c3 f6 7. exf6 Qxf6 8. Bd3 Bd6 9. O-O O-O 10. Qe2 e5 11. dxe5 Ndxe5 12. Bc2 Bg4 13. Rd1 Rae8 14. Qf1 Nxf3+ 15. Nxf3 Bxf3 16. gxf3 Qxf3 17. Qg2 Qxd1+ 18. Bxd1 Re1+ 19. Qf1 Bxh2+ 20. Kg2 Rxf1 21. Kxf1 Bf4 22. Kg2 Ne5 23. Bb3 c6 24. Bxf4 Rxf4 25. Re1 Ng6 26. Re8+ Kf7 27. Rb8 Re4 28. Rxb7+ Re7 29. Rb8 h5 30. Rc8 Re6 31. c4 Kf6 32. cxd5 Nf4+ 33. Kg3 Nxd5 34. Rf8+ Ke7 35. Ra8 Rg6+ 36. Kf3 Rf6+ 37. Kg2 Nf4+ 38. Kf3 Nd3+ 39. Kg3 Nxf2 40. Rxa7+ Kd6 41. Rxg7 Ne4+ 42. Kh4 Rf2 43. Kxh5 Rxb2 44. Rg6+ Kc5 45. Rg8 Rh2+ 46. Kg6 Rg2+ 47. Kf5 Rxg8 48. Bxg8 Nc3 49. Kf4 Kb4 50. Ke3 Ka3 51. Kd4 Nxa2 52. Bxa2 c5+ 53. Kxc5 1/2-1/2


[Site "https://www.chess.com"]

[Event "Titled Tuesday Blitz October 31 Early 2023"]
[White "DonCiao"]
[Black "Buscar, Michael"]
[BlackFideId "2603616"]
[WhiteElo "2140"]
[BlackElo "2334"]
[Result "1-0"]
[Round "6"]
[TimeControl "180+1"]
[Date "2023.10.31"]
[WhiteClock "0:00:06"]
[BlackClock "0:00:08"]
[Board "134"]

1. c4 e5 2. g3 Nf6 3. Bg2 d5 4. cxd5 Nxd5 5. Nc3 Nb6 6. Nf3 Nc6 7. O-O Bd6 8. d3 a6 9. a3 Be6 10. b4 Qd7 11. Re1 O-O-O 12. Bb2 f6 13. Rc1 Kb8 14. Ne4 Na7 15. Nc5 Bxc5 16. bxc5 Na4 17. Ba1 Qb5 18. Rb1 Qa5 19. Nd2 Nxc5 20. Qc2 Bc8 21. Rec1 Ne6 22. Bc3 Qc5 23. Ne4 Qe7 24. Bb4 Qd7 25. Ba5 Nb5 26. a4 Na3 27. Qb3 Nxb1 28. Rxb1 Qxa4 29. Qxa4 Rd4 30. Qb3 Rhd8 31. Bc3 R4d5 32. Nxf6 Rb5 33. Qc2 Rxb1+ 34. Qxb1 gxf6 35. Qb3 Rd6 36. Qa3 Rb6 37. h3 Ng5 38. Kh2 Ne6 39. Qe7 Rb3 40. Ba5 Rb5 41. Bd2 Rb2 42. Be3 Rxe2 43. Qxf6 a5 44. Qxe5 a4 45. Qa5 Bd7 46. Qa7+ Kc8 47. Qa8# 1-0


[Site "https://www.chess.com"]

[Event "Titled Tuesday Blitz October 31 Early 2023"]
[White "Harriott, Tyrell"]
[Black "Perez Cruz, Adianet"]
[WhiteFideId "2086484"]
[BlackFideId "3510115"]
[WhiteElo "2317"]
[BlackElo "1960"]
[Result "1-0"]
[Round "6"]
[TimeControl "180+1"]
[Date "2023.10.31"]
[WhiteClock "0:01:39"]
[BlackClock "0:01:14"]
[Board "135"]

1. d4 d5 2. e3 c6 3. Bd3 Nf6 4. f4 g6 5. Nf3 Bf5 6. O-O Bxd3 7. cxd3 e6 8. Nc3 Nbd7 9. b3 Bg7 10. Bb2 a6 11. Ba3 Bf8 12. Bb2 Bg7 13. e4 dxe4 14. dxe4 O-O 15. Qe2 Re8 16. Kh1 Rc8 17. Ba3 Qa5 18. Bb2 c5 19. e5 Nd5 20. Nxd5 exd5 21. a3 c4 22. b4 Qd8 23. f5 gxf5 24. Qf2 Nf8 25. Nh4 Qg5 26. Nxf5 Ng6 27. Bc1 Qg4 28. Nxg7 Kxg7 29. Qxf7+ Kh8 30. Bh6 Re7 31. Bg7# 1-0


[Site "https://www.chess.com"]

[Event "Titled Tuesday Blitz October 31 Early 2023"]
[White "Ehlvest, Jaan"]
[Black "Elbebiber"]
[WhiteFideId "4500016"]
[WhiteElo "2651"]
[BlackElo "2133"]
[Result "1-0"]
[Round "6"]
[TimeControl "180+1"]
[Date "2023.10.31"]
[WhiteClock "0:00:10"]
[BlackClock "0:00:00"]
[Board "136"]

1. e4 d5 2. exd5 Nf6 3. d4 Nxd5 4. c4 Nb6 5. Nf3 Bg4 6. c5 N6d7 7. Bc4 e6 8. Nc3 c6 9. h3 Bxf3 10. Qxf3 Nf6 11. Be3 Be7 12. O-O Nbd7 13. b4 Nd5 14. Nxd5 exd5 15. Bd3 O-O 16. b5 Nf6 17. Rab1 Ne4 18. Bxe4 dxe4 19. Qxe4 Qd7 20. bxc6 bxc6 21. Rb3 Rfb8 22. Rfb1 Rxb3 23. Rxb3 Bf6 24. g4 h6 25. a4 Re8 26. Qf5 Qe7 27. a5 g6 28. Qf3 Qe6 29. Rb7 Re7 30. a6 Kg7 31. Rxe7 Bxe7 32. Qf4 Bg5 33. Qf3 Bf6 34. Kg2 g5 35. Qf5 Qc4 36. Qd7 Qxa6 37. d5 cxd5 38. c6 Qc4 39. c7 Qe4+ 40. Kg1 Qb1+ 41. Kg2 Qe4+ 42. Kf1 Qb1+ 43. Ke2 Qc2+ 44. Bd2 Qe4+ 45. Kd1 Qb1+ 46. Bc1 Qd3+ 47. Bd2 Qb1+ 48. Ke2 Qe4+ 49. Be3 Qc2+ 50. Kf1 Qd3+ 51. Kg1 Qb1+ 52. Kh2 1-0


[Site "https://www.chess.com"]

[Event "Titled Tuesday Blitz October 31 Early 2023"]
[White "Limontaite, Simona"]
[Black "Yelisieiev, Yevhenii"]
[WhiteFideId "12802506"]
[BlackFideId "14139642"]
[WhiteElo "2247"]
[BlackElo "2612"]
[Result "0-1"]
[Round "6"]
[TimeControl "180+1"]
[Date "2023.10.31"]
[WhiteClock "0:00:15"]
[BlackClock "0:01:51"]
[Board "137"]

1. d4 d5 2. c4 e6 3. Nc3 c6 4. e3 Nf6 5. Nf3 Bd6 6. Bd3 O-O 7. O-O dxc4 8. Bxc4 b5 9. Bd3 Nbd7 10. Qe2 a6 11. Rd1 Qc7 12. e4 e5 13. h3 Bb7 14. Bg5 Rfe8 15. Rac1 h6 16. dxe5 Bxe5 17. Nxe5 Qxe5 18. Bh4 Nc5 19. Bg3 Qg5 20. Bb1 b4 21. Nd5 Nfxe4 22. Nc7 Nxg3 23. Qc2 Ne2+ 24. Kh1 Nxc1 25. Qh7+ Kf8 26. Re1 Rxe1+ 0-1


[Site "https://www.chess.com"]

[Event "Titled Tuesday Blitz October 31 Early 2023"]
[White "Clawitter, Craig"]
[Black "Iskusnyh, Sergei"]
[WhiteFideId "2023105"]
[BlackFideId "4120027"]
[WhiteElo "2244"]
[BlackElo "2571"]
[Result "1-0"]
[Round "6"]
[TimeControl "180+1"]
[Date "2023.10.31"]
[WhiteClock "0:00:31"]
[BlackClock "0:00:09"]
[Board "138"]

1. e4 e6 2. d4 d5 3. e5 c5 4. c3 Qb6 5. Nf3 Nc6 6. a3 c4 7. Nbd2 Bd7 8. g3 Na5 9. Bg2 O-O-O 10. O-O f6 11. Re1 fxe5 12. Nxe5 Nh6 13. Bh3 Re8 14. Qf3 Bd6 15. Nxd7 Kxd7 16. Qxd5 Nf5 17. Bxf5 exf5 18. Qxf5+ Kd8 19. Ne4 Nb3 20. Bg5+ Be7 21. Qd5+ Kc8 22. Bxe7 Rxe7 23. Nd6+ Kb8 24. Rxe7 Na5 25. Nxc4 Nxc4 26. Qxc4 Qxb2 27. Qc7+ Ka8 28. Rae1 a6 29. Re8+ Rxe8 30. Rxe8+ Ka7 31. Qc5+ Qb6 32. Ra8+ 1-0


[Site "https://www.chess.com"]

[Event "Titled Tuesday Blitz October 31 Early 2023"]
[White "Czerw, Dawid"]
[Black "Thomas, Anysia"]
[WhiteFideId "1145746"]
[BlackFideId "670472"]
[WhiteElo "2502"]
[BlackElo "2243"]
[Result "1-0"]
[Round "6"]
[TimeControl "180+1"]
[Date "2023.10.31"]
[WhiteClock "0:03:04"]
[BlackClock "0:02:13"]
[Board "139"]

1. e4 c5 2. Nf3 g6 3. d4 cxd4 4. Nxd4 Nc6 5. Nc3 Bg7 6. Be3 Nf6 7. Nxc6 bxc6 8. e5 Ng8 9. f4 f6 10. e6 d5 11. f5 gxf5 12. Qh5+ Kf8 13. Qf7# 1-0


[Site "https://www.chess.com"]

[Event "Titled Tuesday Blitz October 31 Early 2023"]
[White "Horcajuelo Rocamora, Martin"]
[Black "Zivic, Dragan"]
[WhiteFideId "24573027"]
[BlackFideId "904740"]
[WhiteElo "2452"]
[BlackElo "2236"]
[Result "0-1"]
[Round "6"]
[TimeControl "180+1"]
[Date "2023.10.31"]
[WhiteClock "0:01:06"]
[BlackClock "0:00:43"]
[Board "140"]

1. Nf3 Nf6 2. b3 b6 3. Bb2 Bb7 4. g3 e6 5. Bg2 Be7 6. O-O O-O 7. d4 d5 8. c4 c5 9. cxd5 exd5 10. Nc3 Ne4 11. Rc1 Bf6 12. e3 Re8 13. Re1 Nc6 14. Ba1 Rc8 15. dxc5 Bxc3 16. Bxc3 bxc5 17. Ba1 Qd7 18. Qc2 Nb4 19. Qb2 f6 20. Red1 Ba6 21. Qb1 Qe6 22. a3 Nxf2 23. Re1 Nbd3 24. Bf1 Nxe1 25. Rxe1 Bxf1 26. Kxf2 Bh3 27. Qd3 Bf5 28. Qc3 Be4 29. Nd2 d4 30. exd4 cxd4 31. Qxd4 Qf5+ 32. Kg1 Bd5 33. Rf1 Qe6 34. Qxa7 Qe3+ 35. Qxe3 Rxe3 36. b4 Rxa3 37. Bd4 Rd3 0-1


[Site "https://www.chess.com"]

[Event "Titled Tuesday Blitz October 31 Early 2023"]
[White "Shishkov, Andrei"]
[Black "Faci, Fadil"]
[WhiteFideId "4500563"]
[BlackFideId "4645162"]
[WhiteElo "2430"]
[BlackElo "2230"]
[Result "1-0"]
[Round "6"]
[TimeControl "180+1"]
[Date "2023.10.31"]
[WhiteClock "0:01:41"]
[BlackClock "0:01:24"]
[Board "141"]

1. d4 Nf6 2. c4 c5 3. d5 d6 4. Nc3 g6 5. e4 Bg7 6. h3 e6 7. Nf3 exd5 8. cxd5 O-O 9. Bd3 a6 10. a4 Re8 11. O-O Nbd7 12. Bf4 Nf8 13. Nd2 Nh5 14. Bh2 Be5 15. f4 Bd4+ 16. Kh1 Qh4 17. Qe1 Qxe1 18. Raxe1 Bd7 19. a5 Ng7 20. Nc4 Bxc3 21. bxc3 Bb5 22. Rf3 Bxc4 23. Bxc4 f5 24. e5 Rad8 25. Rfe3 Kf7 26. e6+ Kf6 27. e7 1-0


[Site "https://www.chess.com"]

[Event "Titled Tuesday Blitz October 31 Early 2023"]
[White "Quirke, Jeffrey"]
[Black "Novikova, Galina"]
[WhiteFideId "2013029"]
[BlackFideId "4157095"]
[WhiteElo "2215"]
[BlackElo "2413"]
[Result "0-1"]
[Round "6"]
[TimeControl "180+1"]
[Date "2023.10.31"]
[WhiteClock "0:00:10"]
[BlackClock "0:01:15"]
[Board "142"]

1. e4 e5 2. d4 exd4 3. Qxd4 Nc6 4. Qe3 Nf6 5. Bd2 Bd6 6. Nc3 Qe7 7. O-O-O Bc5 8. Qe1 d6 9. h3 O-O 10. f4 a6 11. Nf3 b5 12. Bd3 b4 13. Nd5 Nxd5 14. exd5 Qxe1 15. Rdxe1 Na7 16. Re7 Nb5 17. Rhe1 Bb7 18. Bc4 h6 19. Kb1 Rac8 20. Nh4 Bf2 21. Nf5 Bxe1 22. Rxe1 Rce8 23. Bxb4 Rxe1+ 24. Bxe1 Re8 25. Bd2 Kh7 26. a4 Na7 27. Nd4 Nc8 28. c3 Nb6 0-1


[Site "https://www.chess.com"]

[Event "Titled Tuesday Blitz October 31 Early 2023"]
[White "Begunov, Konstantin"]
[Black "Kiseleva, Arina"]
[WhiteFideId "4118510"]
[BlackFideId "4164989"]
[WhiteElo "2393"]
[BlackElo "2228"]
[Result "1-0"]
[Round "6"]
[TimeControl "180+1"]
[Date "2023.10.31"]
[WhiteClock "0:00:01"]
[BlackClock "0:00:00"]
[Board "143"]

1. d4 Nf6 2. c4 e6 3. Nf3 Bb4+ 4. Nbd2 c5 5. a3 Bxd2+ 6. Qxd2 O-O 7. dxc5 a5 8. b3 Qc7 9. Qg5 Ne4 10. Bf4 Qc6 11. Nd4 Nxg5 12. Nxc6 dxc6 13. Bxg5 Nd7 14. e4 f5 15. Be7 Rf7 16. Bd6 fxe4 17. g3 Rf5 18. Rd1 Nxc5 19. Bxc5 Rxc5 20. Rd8+ Kf7 21. Bg2 Re5 22. O-O b5 23. Re1 Bb7 24. Rd7+ Kf6 25. Rxb7 a4 26. bxa4 Rxa4 27. cxb5 cxb5 28. Rxe4 Rexe4 29. Bxe4 Rxe4 30. Rxb5 Re1+ 31. Kg2 Ra1 32. Ra5 e5 33. h4 h5 34. Kf3 Kf5 35. Ke3 Ra2 36. f4 Ke6 37. Rxe5+ Kf6 38. Ra5 g6 39. Ra6+ Kf5 40. Ra5+ Kf6 41. a4 Ra3+ 42. Kd4 Rxg3 43. Kc4 Rg4 44. Ra6+ Kf5 45. Ra5+ Kf6 46. Kd5 Rxf4 47. Ra8 Kf5 48. a5 Kg4 49. a6 Ra4 50. a7 Kxh4 51. Kc5 g5 52. Kb6 g4 53. Rg8 g3 54. Kb7 1-0


[Site "https://www.chess.com"]

[Event "Titled Tuesday Blitz October 31 Early 2023"]
[White "Mirzanurov, Bulat"]
[Black "EvgenyBurmakin"]
[WhiteFideId "4184521"]
[WhiteElo "2193"]
[BlackElo "2377"]
[Result "1-0"]
[Round "6"]
[TimeControl "180+1"]
[Date "2023.10.31"]
[WhiteClock "0:01:48"]
[BlackClock "0:00:32"]
[Board "144"]

1. e4 c5 2. Nf3 d6 3. d4 cxd4 4. Nxd4 Nf6 5. f3 a6 6. c4 Nc6 7. Nc3 e6 8. Be3 Be7 9. Qd2 Bd7 10. Be2 Rc8 11. b3 O-O 12. O-O Nxd4 13. Bxd4 Bc6 14. a4 Nd7 15. b4 b6 16. a5 Bb7 17. Rfc1 f5 18. exf5 Rxf5 19. axb6 Nxb6 20. Qe3 Nd7 21. Qxe6+ Rf7 22. Nd5 Bf8 23. Bd3 Ne5 24. Bxe5 dxe5 25. Bxh7+ Kxh7 26. Qxf7 Bxd5 27. cxd5 Bxb4 28. Qf5+ 1-0


[Site "https://www.chess.com"]

[Event "Titled Tuesday Blitz October 31 Early 2023"]
[White "Rodriguez Dominguez, Melissa"]
[Black "Zaksaite, Salomeja"]
[WhiteFideId "3517560"]
[BlackFideId "12801496"]
[WhiteElo "2192"]
[BlackElo "2344"]
[Result "0-1"]
[Round "6"]
[TimeControl "180+1"]
[Date "2023.10.31"]
[WhiteClock "0:00:19"]
[BlackClock "0:00:22"]
[Board "145"]

1. e4 d6 2. d4 Nf6 3. Nc3 g6 4. Be3 Bg7 5. Qd2 a6 6. O-O-O b5 7. f3 Nbd7 8. Bh6 Bxh6 9. Qxh6 Nb6 10. e5 Nfd5 11. Ne4 Be6 12. Qg7 Kd7 13. Ng5 Ne3 14. Re1 Nxf1 15. Rxf1 Qf8 16. Qxf8 Raxf8 17. Nxe6 fxe6 18. Ne2 Nc4 19. b3 Ne3 20. Rf2 Rc8 21. Kd2 Nf5 22. g4 Nh4 23. f4 h5 24. h3 hxg4 25. hxg4 Nf3+ 26. Rxf3 Rxh1 27. Ng3 Ra1 28. Ne4 Rxa2 29. Rf1 Rh8 30. Rf2 a5 31. Nc3 Ra1 32. Nxb5 a4 33. bxa4 Rxa4 34. Nc3 Rxd4+ 35. Ke3 c5 36. Nb5 Rb4 37. Nc3 Rh3+ 38. Kd2 Rd4+ 39. Kc1 Rxc3 0-1


[Site "https://www.chess.com"]